 Dungeon Crawl Stone Soup version 0.31-a0-1074-g0b22e4e0f1 (webtiles) character file.

Game seed: 4806624378781411156

53 olourkin the Chopper (level 3, 27/27 HPs)
             Began as a Demonspawn Gladiator on Nov 30, 2023.
             Quit the game on level 3 of the Dungeon.
             The game lasted 00:02:42 (977 turns).

olourkin the Chopper (Demonspawn Gladiator)          Turns: 977, Time: 00:02:42

Health: 27/27      AC:  5    Str: 16    XL:     3   Next: 64%
Magic:  3/3        EV: 12    Int:  9    God:
Gold:   119        SH:  0    Dex: 14    Spells: 2/2 levels left

rFire   . . .        a - +0 war axe
rCold   . . .        (no shield)
rNeg    . . .        b - +0 leather armour
rPois   .            c - +0 helmet
rElec   .            r - +0 cloak
rCorr   .            (no gloves)
SInv    .            (no boots)
Will    .....        p - amulet of regeneration
Stlth   +            (no ring)
HPRegen 1.04/turn    (no ring)
MPRegen 0.08/turn

%: no passive effects
@: no status effects
A: claws 1, foul stench 1
a: no special abilities


You were on level 3 of the Dungeon.
You visited 1 branch of the dungeon, and saw 3 of its levels.

You collected 119 gold pieces.

Inventory:

Hand Weapons
 a - a +0 war axe (weapon)
Missiles
 d - 3 throwing nets
 e - a javelin
 j - 6 poisoned darts
 l - 7 boomerangs (quivered)
 m - 10 stones
Armour
 b - a +0 leather armour (worn)
 c - a +0 helmet (worn)
 r - a +0 cloak (worn)
Jewellery
 p - an amulet of regeneration (around neck)
Scrolls
 g - a scroll of enchant weapon {unknown}
 h - a scroll of identify {unknown}
 i - 2 scrolls of vulnerability {unknown}
 n - a scroll of blinking {unknown}
 o - a scroll of revelation {unknown}
 q - a scroll of amnesia {unknown}
Potions
 f - a potion of heal wounds {unknown}
 k - a potion of enlightenment {unknown}


   Skills:
 - Level 2.1 Fighting
 + Level 4.1 Axes
 - Level 1.9 Throwing
 - Level 2.7 Dodging


You had 2 spell levels left.
You didn't know any spells.
Your spell library contained the following spells:

 Spells                   Type           Power      Damage    Failure   Level
 Scorch                   Fire           0%         2d5       58%         2
 Tukima's Dance           Hex            0%         N/A       83%         3
 Flame Wave               Conj/Fire      0%         2d4       99%         4
 Passage of Golubria      Tloc           0%         N/A       99%         4
 Yara's Violent Unravell  Hex/Tmut       0%         3d3       100%        5
 Summon Cactus Giant      Summ           0%         N/A       100%        6


Dungeon Overview and Level Annotations

Branches:
Dungeon (3/15)

Altars:


Innate Abilities, Weirdness & Mutations

You have sharp fingernails.
You may rarely emit foul miasma when damaged in melee.


Message History

You throw a boomerang. The boomerang hits the bat.
You kill the bat!
Found a stone staircase leading down.
An adder comes into view.
A malevolent force fills the Dungeon...
You fall into a shaft and drop 1 floor!
The shaft crumbles and collapses.
Found a stone staircase leading up.
A hound comes into view.
Found a short sword.
The hound barks!
Throw: 8 boomerangs
Press: ? - help, Q - select action, (/) - cycle Shift-Dir - straight line, f - hound
Aim: a hound (43% to hit)
You throw a boomerang. The boomerang closely misses the hound.
Throw: 8 boomerangs
Press: ? - help, Q - select action, (/) - cycle Shift-Dir - straight line, f/p - hound
Aim: a hound (43% to hit)
You throw a boomerang. The boomerang barely misses the hound.
Throw: 7 boomerangs
Press: ? - help, Q - select action, (/) - cycle Shift-Dir - straight line, f/p - hound
Aim: a hound (43% to hit)
You throw a boomerang. The boomerang closely misses the hound.
The hound bites you.
You barely miss the hound. The hound closely misses you.
The hound bites you but does no damage.
You slash the hound!
The hound is severely wounded.
The hound bites you.
You barely miss the hound.
The hound is severely wounded.
The hound barely misses you. The hound bites you.
You slash the hound!
You kill the hound!
Your Axes skill increases to level 4!
You have reached level 3!
Your experience leads to an increase in your attributes!
Increase (S)trength, (I)ntelligence, or (D)exterity?
You feel stronger. x2; Your demonic ancestry asserts itself...
Your fingernails lengthen.
Okay, then.
Are you sure you want to abandon this character and quit the game? (Confirm with "yes".)

.# )# .# .# .#
.# .########.#
........@.#
#######.........
#.#######. #<#
... .### . #


There were no monsters in sight!

Vanquished Creatures
  A hound (D:3)
  A dart slug (D:1)
  3 bats
  2 endoplasms
  4 giant cockroaches (D:1)
  A goblin (D:1)
  3 hobgoblins (D:1)
  A quokka (D:1)
  2 ball pythons (D:1)
  A frilled lizard (D:1)
  2 rats (D:1)
21 creatures vanquished.

Notes
Turn   | Place    | Note
-------+----------+-------------------------------------------
     0 | D:1      | olourkin the Demonspawn Gladiator began the quest for the
                  | Orb.
     0 | D:1      | Reached XP level 1. HP: 16/16 MP: 1/1
   230 | D:1      | Found a faded altar of an unknown god.
   272 | D:1      | Reached skill level 3 in Axes
   276 | D:1      | Gained mutation: You may rarely emit foul miasma when
                  | damaged in melee. [demonic ancestry]
   276 | D:1      | Reached XP level 2. HP: 22/22 MP: 2/2
   968 | D:2      | You fall into a shaft and drop 1 floor!
   977 | D:3      | Reached skill level 4 in Axes
   977 | D:3      | Gained mutation: You have sharp fingernails. [demonic
                  | ancestry]
   977 | D:3      | Reached XP level 3. HP: 27/27 MP: 3/3
   977 | D:3      | Quit the game

Illustrated notes

Levels and vault maps discovered:
D:1:      dpeg_arrival_simpleton_c, layout_loops_ring,
          chequers_ecumenical_altar_grove, serial_park_tiny_pond
D:2:      layout_basic, basic_altar
D:3:      layout_loops_ring, uniq_sigmund, uniq_natasha

Skill      XL: |  1  2 |
---------------+-------+-----
Axes           | 3 4 |  4.1
Fighting       | |  2.1
Throwing       | |  1.9
Dodging        | |  2.7

Action                     || total
---------------------------++-------
  Melee: War axe           ||    49
  Throw: Boomerang         ||     8
   Stab: Sleeping          ||     2
 Armour: Leather armour    ||    29
  Dodge: Dodged            ||    26

Table legend: (Time is in decaauts)
 A = Elapsed time spent in this place.
 B = Non-inter-level travel time spent in this place.
 C = Inter-level travel time spent in this place.
 D = Time resting spent in this place.
 E = Time spent auto-exploring this place.
 F = Levels seen in this place.
 G = Mean time per level.
                   A        B        C        D        E       F      G
               +--------+--------+--------+--------+--------+-----+--------+
         Total |    994 |    964 |     30 |    109 |    652 |   3 |  331.3 |
       Dungeon |    994 |    964 |     30 |    109 |    652 |   3 |  331.3 |
               +--------+--------+--------+--------+--------+-----+--------+

Top non-repeatable levels by time:
     D:1: 862 daAuts
     D:2: 122 daAuts
     D:3: 10 daAuts
